Map: 아이스 앤 크롬 - 래더

Players

Lambo

  • Race: Zerg Zerg
  • Spawn Location: 7:00

Bunny - Winner!

  • Race: Terran Terran
  • Spawn Location: 1:00

Event: StayAtHomestory Cup #2

VOD

Have the link to the VOD?

Description

Time

  • Played on: June 11, 2020, 8:26 a.m.
  • Length: 7:11

All games in this series

Show
View Real Time Build Order
Export as new Build Order

Lambo Zerg 

Build Orders: Hatch First 

Get SALT Encoding   

  12  0:01  Drone  
  13  0:12  Overlord  
  13  0:17  Drone  
  14  0:31  Drone x2  
  16  0:48  Hatchery  
  15  0:51  Drone  
  15  0:54  Drone  
  17  0:57  Drone  
  18  1:08  Extractor  
  17  1:13  Spawning Pool  
  17  1:15  Drone  
  17  1:18  Drone  
  18  1:28  Drone  
  19  1:38  Drone  
  20  1:50  Overlord  
  20  1:59  Queen x2  
  20  2:00  Zergling x4  
  26  2:11  Drone x2  
  26  2:13  Metabolic Boost  
  28  2:22  Drone x2  
  30  2:38  Drone, Hatchery  
  29  2:46  Drone  
  29  2:47  Drone  
  29  2:49  Overlord  
  31  2:56  Queen  
  33  3:00  Drone x2  
  35  3:08  Drone  
  35  3:09  Drone, Overlord  
  35  3:11  Drone x2  
  39  3:16  Drone  
  40  3:20  Drone  
  40  3:26  Drone  
  42  3:30  Drone  
  42  3:32  Queen  
  45  3:39  Overlord  
  45  3:40  Drone x3  
  48  3:42  Drone  
  49  3:51  Lair  
  49  3:55  Extractor, Zergling x2  
  48  3:56  Queen, Zergling x4  
  48  4:01  Overlord  
  48  4:02  Zergling x2  
  54  4:08  Overlord  
  54  4:09  Queen  
  56  4:11  Baneling Nest  
  56  4:12  Zergling x2  
  56  4:14  Drone x2  
  56  4:15  Drone  
  59  4:17  Overlord  
  59  4:20  Drone  
  59  4:21  Drone  
  61  4:25  Drone x2  
  61  4:28  Drone x2  
  65  4:31  Spore Crawler  
  65  4:33  Drone, Spore Crawler  
  65  4:34  Drone  
  65  4:37  Drone  
  66  4:42  Drone x3  
  69  4:47  Drone x2  
  71  4:53  Drone x2, Spire  
  71  4:57  Drone x2  
  71  4:58  Drone  
  71  4:59  Drone  
  76  5:02  Drone  
  76  5:04  Extractor, Drone  
  76  5:05  Extractor  
  76  5:07  Baneling x2  
  76  5:08  Zergling x2  
  76  5:13  Zergling x4  
  79  5:15  Drone x2  
  79  5:16  Drone  
  79  5:19  Queen  
  79  5:20  Drone  
  85  5:22  Extractor  
  85  5:23  Extractor  
  85  5:24  Overlord  
  85  5:27  Drone x4  
  87  5:33  Spore Crawler  
  86  5:35  Queen x2  
  88  5:42  Drone x5  
  88  5:43  Zergling x2  
  83  5:53  Zergling x10  
  73  6:04  Mutalisk x4  
  73  6:11  Mutalisk  
  71  6:13  Mutalisk  
  65  6:21  Zergling x10  
  67  6:31  Mutalisk x2  
  70  6:36  Zergling x8  
  68  6:42  Mutalisk  
  69  6:52  Drone x4  
Show
View Real Time Build Order
Export as new Build Order

Bunny Terran - Winner!

Build Orders: Reaper Expand 

Get SALT Encoding   

  12  0:00  SCV  
  13  0:13  SCV  
  14  0:17  Supply Depot  
  14  0:25  SCV  
  15  0:38  SCV  
  15  0:41  Barracks  
  16  0:44  Refinery  
  16  0:50  SCV  
  17  1:03  SCV  
  18  1:15  SCV  
  19  1:28  Orbital Command  
  19  1:31  Reaper  
  20  1:39  Command Center  
  20  1:51  Supply Depot  
  20  1:54  SCV  
  21  2:03  Marine  
  21  2:06  SCV  
  23  2:09  Factory  
  23  2:14  Refinery  
  23  2:18  SCV  
  23  2:22  Barracks Reactor  
  24  2:30  SCV  
  25  2:43  SCV  
  26  2:52  Orbital Command  
  26  2:54  Starport  
  26  2:55  SCV  
  27  3:02  Hellion x2  
  31  3:07  SCV, Marine  
  33  3:15  Supply Depot  
  33  3:18  SCV  
  33  3:19  SCV  
  35  3:24  Hellion  
  35  3:25  Hellion  
  39  3:32  Fusion Core  
  39  3:33  SCV x2  
  41  3:40  Barracks Tech Lab  
  41  3:47  SCV x2  
  43  3:53  Command Center  
  43  3:58  Starport Tech Lab  
  43  3:59  SCV, Supply Depot  
  43  4:01  SCV  
  45  4:06  Hellion  
  45  4:08  Hellion  
  49  4:14  SCV  
  49  4:15  SCV  
  51  4:25  Battlecruiser  
  51  4:29  Supply Depot  
  57  4:32  SCV x2  
  57  4:36  Hellion  
  61  4:45  SCV, Refinery  
  62  4:46  Refinery  
  62  4:50  SCV  
  62  4:51  Hellion  
  62  4:52  Supply Depot  
  65  4:56  Weapon Refit  
  65  4:57  SCV  
  66  5:03  SCV  
  66  5:05  Hellion  
  66  5:06  Orbital Command  
  69  5:07  Supply Depot  
  69  5:12  Hellion  
  71  5:17  SCV x2  
  73  5:23  Factory x2  
  73  5:28  Supply Depot  
  73  5:31  SCV x2  
  73  5:34  SCV  
  80  5:42  Hellion  
  80  5:43  Hellion  
  80  5:46  Orbital Command  
  80  5:50  SCV  
  80  5:51  SCV  
  82  6:01  Armory x2, Engineering Bay  
  82  6:03  SCV x2  
  84  6:09  Factory Tech Lab  
  82  6:18  SCV x3  
  84  6:25  Hellion x2  
  89  6:31  Cyclone x2  
  92  6:36  Missile Turret  
  92  6:39  Missile Turret  
  84  6:40  Missile Turret  
  84  6:45  Missile Turret x2  
  78  6:47  Missile Turret, Refinery  
  78  6:53  Supply Depot  
  80  6:56  SCV x3  
Tags
 
Add a new tag
Caveats
  • Supply blocks, unpowered buildings, or Contaminate may cause inaccurate times.
  • Supply counts are checked every 10 seconds.